 Dungeon Crawl Stone Soup version 0.29.0-13-gc9e81de378 (webtiles) character file.

Game seed: 9515660113619976170

70 freelancePsychic the Digger (level 4, -2/35 HPs)
             Began as a Meteoran Earth Elementalist on Sept 10, 2022.
             Was a Follower of Nemelex Xobeh.
             Slain by an adder (3 damage)
             ... on level 4 of the Dungeon.
             The game lasted 00:04:05 (469 turns).

freelancePsychic the Digger (MeEE)                   Turns: 469, Time: 00:04:05

Health: -2/35      AC:  3    Str:  9    XL:     4   Next: 72%
Magic:  4/9        EV: 12    Int: 18    God:    Nemelex Xobeh [*.....]
Gold:   45         SH:  0    Dex: 15    Spells: 5/9 levels left

rFire   . . .      SeeInvis .   f - +0 flail
rCold   . . .      Faith    .   (no shield)
rNeg    . . .      Spirit   .   a - +0 robe
rPois   .          Reflect  .   i - +0 helmet
rElec   .          Harm     .   (no cloak)
rCorr   .          Rampage  .   (no gloves)
Will    .....                   (no boots)
Stlth   +.........              (no amulet)
HPRegen 0.11/turn               (no ring)
MPRegen 0.11/turn               (no ring)

@: lethally poisoned (-2 -> -13), glowing
A: sense surroundings 1, otherworldly, glowing, explore regen
a: Renounce Religion, Draw Escape, Draw Destruction, Draw Summoning


You were on level 4 of the Dungeon.
You worshipped Nemelex Xobeh.
Nemelex Xobeh was aware of your devotion.
You visited 1 branch of the dungeon, and saw 4 of its levels.

You collected 45 gold pieces.

Inventory:

Hand Weapons
 f - a +0 flail (weapon)
Armour
 a - a +0 robe (worn)
 i - a +0 helmet (worn)
Wands
 e - a wand of digging (7)
 g - a wand of iceblast (1)
Scrolls
 c - a scroll of enchant armour {unknown}
 d - 2 scrolls of butterflies {unknown}
Potions
 b - a potion of magic
 h - a potion of flight {unknown}


   Skills:
 + Level 1.2 Fighting
 - Level 2.4 Dodging
 - Level 1.4 Stealth
 + Level 3.2 Spellcasting
 * Level 2.3 Conjurations
 - Level 1.2 Transmutations
 * Level 4.4 Earth Magic
 + Level 1.2 Invocations


You had 5 spell levels left.
You knew the following spells:

 Your Spells              Type           Power      Damage    Failure   Level
a - Sandblast             Erth           36%        2d10      2%          1
b - Stone Arrow           Conj/Erth      30%        3d8       12%         3

Your spell library contained the following spells:

 Spells                   Type           Power      Damage    Failure   Level
 Passwall                 Tmut/Erth      10%        N/A       8%          2
 Petrify                  Tmut/Erth      13%        N/A       45%         4


Dungeon Overview and Level Annotations

Branches:
Dungeon (4/15) Zot: 1903
 Temple: D:4-7

Altars:
Gozag
Nemelex Xobeh
Wu Jian
The Shining One


Innate Abilities, Weirdness & Mutations

You passively map a small area around you.
You are easily found by Zot.
You glow in the dark.
You regain HP and MP as you explore.


Message History

The iguana bites you! The adder bites you. The iguana closely misses you.
The adder bites you but does no damage.
You are too injured to fight recklessly!
You are too injured to fight recklessly!
Casting: Sandblast (safe; 2% risk of failure)
Confirm with . or Enter, or press ? or * to list all spells.
Aiming: Sandblast (safe; 2% risk of failure)
Press: ? - help, Shift-Dir - straight line, f/p - iguana
Aim: an iguana (heavily wounded, 84% to hit)
The blast of sand hits the iguana.
The iguana is almost dead.
The adder bites you. The iguana bites you. The adder bites you.
You are poisoned.
The adder poisons you!
Casting: Sandblast (safe; 2% risk of failure)
Confirm with . or Enter, or press ? or * to list all spells.
Aiming: Sandblast (safe; 2% risk of failure)
Press: ? - help, Shift-Dir - straight line, f/p - iguana
Aim: an iguana (almost dead, 84% to hit)
The blast of sand hits the iguana.
The iguana is almost dead.
You feel sick. The iguana misses you. The adder bites you.
* * * LOW HITPOINT WARNING * * *
You are lethally poisoned!
The adder poisons you! The iguana misses you. The adder bites you.
* * * LOW HITPOINT WARNING * * *
You are more poisoned.
The adder poisons you!
Casting: Sandblast (safe; 2% risk of failure)
Confirm with . or Enter, or press ? or * to list all spells.
Aiming: Sandblast (safe; 2% risk of failure)
Press: ? - help, Shift-Dir - straight line, f/p - iguana
Aim: an iguana (almost dead, 84% to hit)
The blast of sand hits the iguana.
You kill the iguana!
* * * LOW HITPOINT WARNING * * *
You feel very sick. The adder misses you. The adder bites you.
You die...
Your body disappears without additional glow.

* , #.## * #..*
,>,... *,.. #..
#### # ..
,#.#.... #
#.###.###.#..#..#
...............#
* *...*##@†.....#
#.##.#S.....#
#...##......#
##.#####....#
##.≈≈≈≈≈######
###.#~###≈#
#....~≈≈≈≈#
##.)..~≈#≈~##
##)....≈≈#~~.#


You could see an adder.

Vanquished Creatures
  An iguana (D:4)
  Robin (D:4)
  An adder (D:3)
  A worm (D:2)
  A dart slug (D:3)
  8 orcs
  2 bats (D:2)
  A giant cockroach (D:2)
  8 goblins
  3 hobgoblins (D:4)
  3 quokkas
  2 ball pythons (D:3)
  A frilled lizard (D:3)
  A rat (D:2)
34 creatures vanquished.

Notes
Turn   | Place    | Note
-------+----------+-------------------------------------------
     0 | D:1      | freelancePsychic the Meteoran Earth Elementalist began the
                  | quest for the Orb.
     0 | D:1      | Reached XP level 1. HP: 14/14 MP: 5/5
   100 | D:2      | Reached XP level 2. HP: 22/22 MP: 3/6
   112 | D:2      | Reached skill level 1 in Conjurations
   197 | D:3      | Found a large runed translucent door.
   201 | D:3      | Found a large runed translucent door.
   209 | D:3      | Found a sparkling altar of Nemelex Xobeh.
   213 | D:3      | Found a glowing golden altar of the Shining One.
   220 | D:3      | Became a worshipper of Nemelex Xobeh the Trickster
   246 | D:3      | Reached skill level 4 in Earth Magic
   246 | D:3      | Reached XP level 3. HP: 21/27 MP: 2/8
   266 | D:3      | Reached skill level 1 in Fighting
   272 | D:3      | Learned a level 3 spell: Stone Arrow
   301 | D:4      | Noticed Robin
   306 | D:3      | Reached XP level 4. HP: 16/35 MP: 5/9
   314 | D:3      | Found an opulent altar of Gozag.
   401 | D:4      | Found an ornate altar of the Wu Jian Council.
   416 | D:4      | Reached skill level 1 in Invocations
   426 | D:4      | Killed Robin
   441 | D:4      | Reached * piety under Nemelex Xobeh
   469 | D:4      | HP: 1/35 [poisoned by an adder]
   469 | D:4      | Slain by an adder

Illustrated notes

Levels and vault maps discovered:
D:1:      tarquinn_simple_flora_water_b, layout_loops_ring, serial_shops, shop
D:2:      layout_basic
D:3:      layout_loops_cross, nicolae_overflow_crystal_walls,
          jmf_multi_god_temple2, kennysheep_crisscross, uniq_ijyb
D:4:      layout_cave_pods, lemuel_doored_altar, mainiacjoe_overflow_chevrons,
          gammafunk_ghost_mausoleum, st_stairs_3, minmay_crystal_water,
          uniq_edmund, uniq_robin

Skill      XL: |  1  2  3  4 |
---------------+-------------+-----
Conjurations   | 1 2 |  2.3
Spellcasting   | 3 |  3.2
Earth Magic    | 4 |  4.4
Fighting       | 1 |  1.2
Invocations    | 1 |  1.2
Dodging        | |  2.4
Stealth        | |  1.4
Transmutations | |  1.2

Action                   |  1- 3 |  4- 6 || total
-------------------------+-------+-------++-------
Melee: Flail             |     1 |     7 ||     8
 Cast: Sandblast         |    29 |    19 ||    48
Armor: Robe              |     4 |     3 ||     7
Dodge: Dodged            |     6 |    16 ||    22
